 Dungeon Crawl Stone Soup version 0.30-a0-702-gdf48620a09 (webtiles) character file.

Game seed: 944513227351001298

16856 Farfigtubin the Thaumaturge (level 12, -3/51 HPs)
             Began as a Spriggan Venom Mage on Jan 19, 2023.
             Was the Champion of Fedhas.
             Shot with an arrow by a centaur warrior (24 damage)
             ... on level 2 of the Orcish Mines on Jan 21, 2023.
             The game lasted 02:41:29 (16869 turns).

Farfigtubin the Thaumaturge (Spriggan Venom Mage)  Turns: 16869, Time: 02:41:30

Health: -3/51      AC:  3    Str:  4    XL:     12   Next: 13%
Magic:  26/30      EV: 19    Int: 22    God:    Fedhas [******]
Gold:   1381       SH:  0    Dex: 21    Spells: 28/38 levels left

rFire   + + +      SeeInvis +    a - staff of fire
rCold   . . .      Faith    .    (shield currently unavailable)
rNeg    . . .      Spirit   .    B - +0 robe
rPois   +          Reflect  .    (helmet restricted)
rElec   .          Harm     .    t - +0 cloak
rCorr   .          Rampage  .    (gloves unavailable)
Will    ++...                    (boots unavailable)
Stlth   +++                      (no amulet)
HPRegen 0.28/turn                o - ring of fire
MPRegen 0.22/turn                P - ring "Vyocurer" {rPois rF+ rC+ Dex+6 Slay-3}

@: very quick
A: very small, no large weapons, unfitting armour, see invisible, speed 3
a: Renounce Religion, Wall of Briars, Grow Ballistomycete, Overgrow, Grow Oklob


You were on level 2 of the Orcish Mines.
You worshipped Fedhas.
Fedhas was exalted by your worship.
You visited 2 branches of the dungeon, and saw 12 of its levels.
You also visited: Sewer and Bailey.

You collected 1381 gold pieces.

Inventory:

Hand Weapons
 b - a +1 dagger of draining
Missiles
 D - 3 throwing nets
Armour
 t - a +0 cloak (worn)
 B - a +0 robe (worn)
Magical Staves
 a - a staff of fire (weapon)
Jewellery
 o - a ring of fire (left hand)
 x - the ring of Osushrin {Fly rPois rC+ rCorr Str-2}
   (You found it in a sewer)

   [ring of flight]

   Str:       It affects your strength (-2).
   rC:        It protects you from cold.
   rPois:     It protects you from poison.
   Fly:       It grants you flight.
   rCorr:     It protects you from acid and corrosion.
 J - the ring "Ydatyoz" {rN+++ Will+ Str+6 Slay-4 SInv}
   (You found it on level 8 of the Dungeon)

   [ring of strength]

   Str:       It affects your strength (+6).
   Slay:      It affects your accuracy & damage with ranged weapons and melee
   (-4).
   rN:        It renders you almost immune to negative energy.
   SInv:      It lets you see invisible.
   Will:      It increases your willpower.
 O - a ring of ice
 P - the ring "Vyocurer" (right hand) {rPois rF+ rC+ Dex+6 Slay-3}
   (You found it on level 10 of the Dungeon)

   [ring of dexterity]

   Dex:       It affects your dexterity (+6).
   Slay:      It affects your accuracy & damage with ranged weapons and melee
   (-3).
   rF:        It protects you from fire.
   rC:        It protects you from cold.
   rPois:     It protects you from poison.
Wands
 y - a wand of paralysis (3)
 I - a wand of digging (6)
 K - a wand of flame (33)
Scrolls
 e - 4 scrolls of magic mapping
 f - 2 scrolls of enchant weapon {unknown}
 g - 2 scrolls of fear
 h - 2 scrolls of amnesia {unknown}
 l - a scroll of identify
 q - a scroll of immolation
 r - 2 scrolls of brand weapon {unknown}
 u - 2 scrolls of noise {unknown}
 v - 2 scrolls of enchant armour {unknown}
 z - 4 scrolls of teleportation {unknown}
 E - 3 scrolls of torment {unknown}
 H - 2 scrolls of poison {unknown}
 M - a scroll of vulnerability {unknown}
 N - a scroll of blinking {unknown}
Potions
 c - a potion of attraction {unknown}
 d - 2 potions of magic
 i - 3 potions of degeneration
 j - 3 potions of cancellation {unknown}
 k - 3 potions of brilliance {unknown}
 m - 4 potions of mutation {unknown}
 n - 6 potions of heal wounds {unknown}
 p - 3 potions of curing
 s - 4 potions of flight {unknown}
 w - 2 potions of berserk rage
 A - 3 potions of lignification {unknown}
 C - 4 potions of might {unknown}
 F - 2 potions of haste {unknown}
 G - 3 potions of ambrosia {unknown}
 L - 2 potions of invisibility


   Skills:
 - Level 0.1 Fighting
 + Level 1.2 Short Blades
 + Level 4.1 Dodging
 + Level 5.4 Stealth
 + Level 13.9 Spellcasting
 + Level 4.7 Translocations
 + Level 9.0 Transmutations
 + Level 5.7 Fire Magic
 + Level 6.4 Air Magic
 + Level 10.2 Poison Magic
 + Level 0.2 Evocations


You had 28 spell levels left.
You knew the following spells:

 Your Spells              Type           Power      Damage    Failure   Level
a - Sting                 Tmut/Pois      100%       1d8       1%          1
b - Poisonous Vapours     Pois/Air       100%       N/A       1%          2
c - Ignite Poison         Fire/Tmut/Pois 87%        N/A       1%          3
d - Kindle Blastsparks    Fire/Tloc/Air  100%       2d18      1%          3
e - Magic Dart            Conj           60%        1d6       4%          1

Your spell library contained the following spells:

 Spells                   Type           Power      Damage    Failure   Level
 Beastly Appendage        Tmut           100%       N/A       1%          1
 Wereblood                Tmut           53%        N/A       1%          2
 Mephitic Cloud           Conj/Pois/Air  39%        N/A       1%          3
 Spider Form              Tmut/Pois      55%        N/A       1%          3
 Olgreb's Toxic Radiance  Pois           57%        N/A       1%          4
 Freeze                   Ice            60%        1d7       4%          1
 Necrotise                Necr           60%        1d7       4%          1
 Summon Small Mammal      Summ           60%        N/A       4%          1
 Portal Projectile        Hex/Tloc       50%        N/A       4%          3
 Call Imp                 Summ           15%        N/A       6%          2
 Ice Form                 Ice/Tmut       35%        N/A       6%          4
 Call Canine Familiar     Summ           15%        N/A       12%         3
 Frozen Ramparts          Ice            30%        1d5       12%         3
 Hailstorm                Conj/Ice       15%        3d5       12%         3
 Ozocubu's Armour         Ice            15%        N/A       12%         3
 Summon Guardian Golem    Hex/Summ       15%        N/A       12%         3
 Vampiric Draining        Necr           15%        2d7       12%         3
 Leda's Liquefaction      Hex/Erth       7%         N/A       38%         4
 Freezing Cloud           Conj/Ice/Air   12%        6-21      43%         5
 Agony                    Necr           15%        N/A       75%         5
 Ozocubu's Refrigeration  Ice            7%         4d9       100%        7
 Summon Hydra             Summ           7%         N/A       100%        7


Dungeon Overview and Level Annotations

Branches:
Dungeon (10/15)            Temple (0/1) D:6             Orc (2/2) D:10
  Sewer (visited)          Bailey (visited)
   Lair: D:8-11         Elf: Orc:2

Altars:
Dithmenos
Fedhas
Makhleb
Qazlal
Uskayaw
Vehumet
Xom

Shops:
D:10 (

Portals:
Abyss: D:10

Annotations:
D:2 1 runed translucent door, Crazy Yiuf
D:4 1 runed translucent door, Darius099's ghost, amateur GrFi
D:10 2 transporters, mandoloar's ghost, novice DjCj


Innate Abilities, Weirdness & Mutations

You are very small and have problems with some larger weapons.
You are too small for most types of armour.
You have supernaturally acute eyesight. (SInv)
You cover ground extremely quickly. (Speed+++)


Message History

Poisonous vapours surround the orc!
The orc looks as sick as possible!
The orc shouts!
The orc shoots a bolt.
The bolt hits you!
You hear a shout!
You kill the orc!
Fedhas appreciates your contribution to the ecosystem.
Things that are here:
a +0 robe; a +0 dagger; an orc skeleton
There is a stone staircase leading up, spattered with blood here.
You start resting.
An orc warrior comes into view. It is wielding a +0 trident.
Aiming: Sting (safe; 1% risk of failure)
Press: ? - help, Q - select action, (/) - cycle Shift-Dir - straight line, f - orc warrior
Aim: an orc warrior, wielding a +0 trident and wearing a +0 plate armour (78% to hit)
The sting hits the orc warrior but does no damage.
The orc warrior is poisoned.
The orc warrior closely misses you.
Casting: Sting (safe; 1% risk of failure)
Confirm with . or Enter, or press ? or * to list all spells.
You feel a strong surge of power!
You ignite the poison in your surroundings!
The orc warrior seems to burn from within!
The orc warrior is moderately wounded.
The orc warrior hits you from afar with a +0 trident!
The orc warrior barely misses you.
You climb upwards.
There is a stone staircase leading down here.
You start resting.
HP restored.
Things that are here:
a +0 robe; a +0 dagger
There is a stone staircase leading down here.
You climb downwards.
The orc knight shoots a bolt.
The bolt hits you!!
The centaur warrior shouts!
There is a stone staircase leading up, spattered with blood here.
The orc knight shoots a bolt.
The bolt hits you.
The centaur warrior wields a +0 shortbow.
The centaur warrior shoots an arrow.
The arrow hits you!!
You die...
Fedhas appreciates your contribution to the ecosystem.

...c....≈≈# #≈≈.......).. #......
.##..##...###...##..##).##.......
......................))).......$
.............o.......)...........
####.#..................#........
##.#...............o.............
#...........[.^................
.......c...............$.......
....##.).......[@).........#...
.....##........................
#...###..........).............
##.## #..........[.............
### ###............)........#.
##...............c.........
#............)[.[..........
##...........................
##............)......)....#...


You could see an orc knight, a centaur warrior and an orc warrior.

Vanquished Creatures
  Rupert (Orc:2)
  Fannar (D:10)
  2 vault guards (Bailey)
  A two-headed ogre (D:9)
  An orc sorcerer (Orc:1)
  2 trolls
  Prince Ribbit (Bailey)
  A shadow (D:10)
  A wyvern (D:7)
  9 humans (Bailey)
  3 steam dragons
  14 yaks (D:10)
  3 water moccasins
  3 wargs (Orc:1)
  19 orc warriors
  2 ice beasts (D:7)
  A sky beast (D:7)
  A black bear (D:8)
  Pargi (Sewer)
  9 ogres
  10 centaurs
  2 phantoms
  10 bullfrogs
  3 gnoll sergeants
  4 scorpions
  13 wights
  A troll zombie (D:10)
  8 killer bees
  A howler monkey (D:9)
  A crimson imp (D:6)
  11 orc priests
  A gnoll bouda (D:6)
  5 hounds
  2 jellies
  3 iguanas
  Terence (D:2)
  13 orc wizards
  7 ogre zombies (D:10)
  15 gnolls
  9 adders
  2 river rats (D:4)
  3 shadow imps
  A white imp (D:6)
  An ufetubus (D:4)
  5 worms
  3 dart slugs
  50 orcs
  7 endoplasms
  2 giant cockroaches (D:2)
  8 goblins
  8 hobgoblins
  4 jackals (D:1)
  7 kobolds
  3 quokkas
  7 ball pythons
  7 bats
  4 frilled lizards
  2 goblin zombies (D:10)
  2 hobgoblin skeletons (D:10)
  2 hobgoblin zombies (D:10)
  18 orc zombies (D:10)
  7 rats
349 creatures vanquished.

Notes
Turn   | Place    | Note
-------+----------+-------------------------------------------
     0 | D:1      | Farfigtubin the Spriggan Venom Mage began the quest for the
                  | Orb.
     0 | D:1      | Reached XP level 1. HP: 9/9 MP: 5/5
   448 | D:1      | Reached XP level 2. HP: 13/13 MP: 3/6
   488 | D:1      | Reached skill level 3 in Spellcasting
   955 | D:1      | Learned a level 2 spell: Poisonous Vapours
  1756 | D:2      | Reached XP level 3. HP: 16/16 MP: 4/8
  1866 | D:2      | Found a runed translucent door.
  1867 | D:2      | Noticed Crazy Yiuf
  2029 | D:2      | Found a blossoming altar of Fedhas.
  2063 | D:2      | Became a worshipper of Fedhas Madash
  2196 | D:2      | Noticed Terence
  2327 | D:2      | Killed Terence
  2499 | D:2      | Reached XP level 4. HP: 21/21 MP: 0/10
  3558 | D:3      | Reached skill level 4 in Spellcasting
  3569 | D:3      | Identified the +0 ring mail of Immorality {rPois rF+++ rC-
                  | Slay+2}
  3714 | D:3      | Reached XP level 5. HP: 17/24 MP: 7/12
  3767 | D:3      | Reached * piety under Fedhas
  3853 | D:3      | Learned a level 3 spell: Ignite Poison
  4628 | D:4      | Reached skill level 1 in Air Magic
  4816 | D:4      | Found a glowing drain.
  4852 | Sewer    | Entered a sewer
  4953 | Sewer    | Noticed Pargi
  4970 | Sewer    | Killed Pargi
  4971 | Sewer    | Reached skill level 5 in Spellcasting
  4971 | Sewer    | Reached XP level 6. HP: 28/28 MP: 0/14
  5091 | Sewer    | Identified the ring of Osushrin {Fly rPois rC+ rCorr Str-2}
  5215 | D:4      | Found a shimmering altar of Xom.
  5395 | D:4      | Noticed a water moccasin
  5423 | D:4      | Killed a water moccasin
  5454 | D:4      | Got the Directory of Frosty Leadership
  5523 | D:4      | Found a burning altar of Makhleb.
  5694 | D:4      | Found a runed translucent door.
  5694 | D:4      | Noticed Darius099's ghost (amateur GrFi)
  5967 | D:5      | Entered Level 5 of the Dungeon
  5975 | D:5      | Reached skill level 5 in Poison Magic
  5975 | D:5      | Reached XP level 7. HP: 32/32 MP: 5/16
  6018 | D:5      | Reached skill level 1 in Short Blades
  6364 | D:5      | Reached ** piety under Fedhas
  6700 | D:5      | Found a hide-covered altar of Uskayaw.
  6732 | D:5      | Reached skill level 6 in Spellcasting
  6791 | D:5      | Learned a level 3 spell: Kindle Blastsparks
  6906 | D:5      | Reached skill level 1 in Fire Magic
  6947 | D:5      | Noticed a steam dragon
  7376 | D:5      | Killed a steam dragon
  7474 | D:6      | Reached XP level 8. HP: 27/36 MP: 12/18
  7660 | D:6      | Reached skill level 1 in Translocations
  7673 | D:6      | Found a stormy altar of Qazlal.
  7877 | D:6      | Found a shadowy altar of Dithmenos.
  8075 | D:6      | Reached skill level 7 in Spellcasting
  8415 | D:6      | Reached skill level 5 in Transmutations
  8446 | D:6      | Found a staircase to the Ecumenical Temple.
  8504 | D:6      | Reached *** piety under Fedhas
  8805 | D:6      | Reached skill level 8 in Spellcasting
  9327 | D:7      | Reached XP level 9. HP: 39/39 MP: 2/22
  9485 | D:7      | Reached skill level 9 in Spellcasting
 10042 | D:8      | Identified the ring "Ydatyoz" {rN+++ Will+ Str+6 Slay-4
                  | SInv}
 10071 | D:8      | Found a flagged portal.
 10093 | Bailey   | Entered a bailey
 10233 | Bailey   | Reached skill level 10 in Spellcasting
 10465 | Bailey   | Reached **** piety under Fedhas
 10471 | Bailey   | Noticed a vault guard
 10475 | Bailey   | Killed a vault guard
 10476 | Bailey   | Reached XP level 10. HP: 44/44 MP: 6/25
 10494 | Bailey   | Noticed Prince Ribbit
 10495 | Bailey   | Noticed a vault guard
 10503 | Bailey   | Killed Prince Ribbit
 10619 | Bailey   | Killed a vault guard
 10620 | Bailey   | Reached skill level 11 in Spellcasting
 11242 | D:8      | Found a radiant altar of Vehumet.
 11475 | D:8      | Upgraded the game from 0.30-a0-691-g754fce4c43 to
                  | 0.30-a0-702-gdf48620a09
 11714 | D:9      | Reached ***** piety under Fedhas
 12061 | D:9      | Learned a level 1 spell: Magic Dart
 12283 | D:9      | Reached skill level 5 in Stealth
 12327 | D:9      | Noticed a two-headed ogre
 12331 | D:9      | Killed a two-headed ogre
 12332 | D:9      | Reached skill level 5 in Air Magic
 12334 | D:9      | Reached XP level 11. HP: 44/47 MP: 6/27
 12951 | D:10     | Entered Level 10 of the Dungeon
 12970 | D:10     | Reached skill level 12 in Spellcasting
 12977 | D:10     | Noticed a skeletal warrior
 12978 | D:10     | Noticed a soul eater
 13184 | D:10     | Found Ucucadam's Antique Weapon Emporium.
 13404 | D:10     | Noticed Fannar
 13460 | D:10     | Killed Fannar
 13461 | D:10     | Reached skill level 5 in Fire Magic
 14231 | D:10     | Identified the ring "Vyocurer" {rPois rF+ rC+ Dex+6 Slay-3}
 14262 | D:10     | Found a transporter.
 14622 | D:10     | Found a staircase to the Orcish Mines.
 15097 | D:10     | Found a transporter.
 15116 | D:10     | Found a one-way gate to the infinite horrors of the Abyss.
 15116 | D:10     | Noticed mandoloar's ghost (novice DjCj)
 15394 | D:10     | Reached ****** piety under Fedhas
 15434 | Orc:1    | Entered Level 1 of the Orcish Mines
 15521 | Orc:1    | Noticed an orc sorcerer
 15526 | Orc:1    | Killed an orc sorcerer
 15799 | Orc:1    | Reached skill level 13 in Spellcasting
 16131 | Orc:2    | Entered Level 2 of the Orcish Mines
 16219 | Orc:2    | Noticed Rupert
 16223 | Orc:2    | Killed Rupert
 16326 | Orc:2    | Reached skill level 10 in Poison Magic
 16344 | Orc:2    | Reached XP level 12. HP: 28/51 MP: 2/30
 16720 | Orc:2    | Noticed a centaur warrior
 16869 | Orc:2    | Shot with an arrow by a centaur warrior

Illustrated notes

Levels and vault maps discovered:
D:1:      dpeg_arrival_central, layout_basic, kennysheep_doodads
D:2:      layout_basic, basic_altar, hangedman_feature_mirror,
          uniq_crazy_yiuf_cottage, uniq_terence
D:3:      layout_loops_ring
D:4:      layout_loops_ring, mainiacjoe_overflow_tiny_flanked, xom_butterflies,
          lightli_sewer_entry_pipes, ebering_ghost_inner_flame
D:5:      layout_rooms, lemuel_coloured_pillars_altar
D:6:      layout_loops_ring, overflow_temple_1_default,
          nicolae_dithmenos_the_darkroom, temple_green, minmay_fire_ice_demons
D:7:      layout_rooms
D:8:      layout_basic, vehumet_altar_wand_db, enter_bailey_3,
          minmay_misc_feat_alley
D:9:      layout_cross, serial_co_window_serial, co_window_paths_a,
          co_window_corner_a, co_window_corner_a, co_window_corner_a,
          co_window_paths_a, co_window_paths_c, co_window_cross_2,
          co_window_broadway_c, co_window_2corner, co_window_cross_2,
          co_window_2corner, co_window_corner_ca, co_window_sun,
          glass_columns_a, glass_columns_c, glass_columns_b, glass_columns_b,
          glass_columns_a
D:10:     layout_basic, zombieorc2_lemuel, serial_shops, shop,
          gammafunk_ghost_abyssal_escape, uniq_fannar
Orc:1:    layout_diamond_mine
Orc:2:    st_orc_rangers, layout_caves, nicolae_orc_lava_tube, uniq_rupert

Skill      XL: |  1  2  3  4  5  6  7  8  9 10 11 12 |
---------------+-------------------------------------+-----
Spellcasting   | 3 4 5 6 8 10 11 13 | 13.9
Transmutations | 2 3 4 5 7 8 9 |  9.0
Poison Magic   | 4 5 6 7 9 10 | 10.2
Air Magic      | 1 2 3 4 5 6 |  6.4
Dodging        | 3 4 |  4.1
Short Blades   | 1 |  1.2
Stealth        | 4 5 |  5.4
Fire Magic     | 1 2 3 4 5 |  5.7
Translocations | 2 3 4 |  4.7
Fighting       | |  0.1
Evocations     | |  0.2

Action                   |  1- 3 |  4- 6 |  7- 9 | 10-12 || total
-------------------------+-------+-------+-------+-------++-------
Melee: Dagger            |    13 |    17 |     7 |       ||    37
       Staff             |       |       |     4 |       ||     4
 Cast: Sting             |    48 |    58 |    57 |    35 ||   198
       Poisonous Vapours |    20 |    46 |    72 |   131 ||   269
       Ignite Poison     |       |    18 |    58 |    88 ||   164
       Kindle Blastspark |       |       |    21 |    75 ||    96
       Magic Dart        |       |       |       |    10 ||    10
Evoke: Wand              |       |       |       |     1 ||     1
  Use: Scroll            |       |     3 |     1 |       ||     4
       Potion            |       |       |       |     1 ||     1
 Stab: Sleeping          |     5 |     3 |     1 |       ||     9
       Distracted        |       |     1 |       |       ||     1
Armor: Robe              |       |       |     2 |     3 ||     5
Dodge: Dodged            |     8 |    32 |    27 |    65 ||   132

Table legend: (Time is in decaauts)
 A = Elapsed time spent in this place.
 B = Non-inter-level travel time spent in this place.
 C = Inter-level travel time spent in this place.
 D = Time resting spent in this place.
 E = Time spent auto-exploring this place.
 F = Levels seen in this place.
 G = Mean time per level.
                   A        B        C        D        E       F      G
               +--------+--------+--------+--------+--------+-----+--------+
         Total |  12271 |  12213 |     58 |   3024 |   1231 |  14 |  876.5 |
       Dungeon |  10204 |  10146 |     58 |   1777 |   1189 |  10 | 1020.4 |
  Orcish Mines |   1209 |   1209 |      0 |    696 |     41 |   2 |  604.5 |
         Sewer |    238 |    238 |      0 |    170 |      0 |   1 |  238.0 |
        Bailey |    618 |    618 |      0 |    381 |      0 |   1 |  618.0 |
               +--------+--------+--------+--------+--------+-----+--------+

Top non-repeatable levels by time:
    D:10: 1646 daAuts
     D:9: 1179 daAuts
     D:1: 1159 daAuts
     D:6: 1108 daAuts
     D:5: 1088 daAuts
     D:2: 1081 daAuts
   Orc:1: 934 daAuts
     D:4: 924 daAuts
     D:3: 853 daAuts
  Bailey: 618 daAuts
     D:7: 618 daAuts
     D:8: 544 daAuts
   Orc:2: 275 daAuts
   Sewer: 238 daAuts
